TOP OF THE 1ST |
Eugene Emeralds batting - Pitching for Milwaukee (NYP) Brewers : RHP Josh Pelletier
|
Pitching: RHP Josh Pelletier
|
|
Batting: RHB Du Kim
|
0-0: Called Strike 0-1: Ball 1-1: Fly out, F8 (Flyball, 8LD, EV 99.4 MPH)
|
Batting: RHB Ricky Ramirez
|
0-0: Ball 1-0: Ball 2-0: Foul Ball, location: 2F 2-1: Ground out U3 (Groundball, 34, EV 110.0 MPH)
|
Batting: LHB Emir Jalil
|
0-0: Called Strike 0-1: Ball 1-1: Called Strike 1-2: Foul Ball, location: 2F 1-2: Strikes out looking
|
Top of the 1st over - 0 runs, 0 hits, 0 errors, 0 left on base; Eugene 0 - Milwaukee (NYP) 0 |
BOTTOM OF THE 1ST |
Milwaukee (NYP) Brewers batting - Pitching for Eugene Emeralds : RHP Luis Solis
|
Pitching: RHP Luis Solis
|
|
Batting: SHB Sam Bingham
|
0-0: Ball 1-0: Ground out 4-3 (Groundball, 4, EV 86.9 MPH)
|
Batting: SHB Jerry Duffy
|
0-0: Foul Ball, location: 2F 0-1: Ground out 6-3 (Groundball, 6M, EV 86.9 MPH)
|
Batting: RHB Jeremy Harden
|
0-0: Ball 1-0: Foul Ball, location: 2F 1-1: Ball 2-1: Foul Ball, location: 2F 2-2: Strikes out swinging
|
Bottom of the 1st over - 0 runs, 0 hits, 0 errors, 0 left on base; Eugene 0 - Milwaukee (NYP) 0 |
TOP OF THE 2ND |
Eugene Emeralds batting - Pitching for Milwaukee (NYP) Brewers : RHP Josh Pelletier
|
Batting: RHB Mike Hill
|
0-0: Swinging Strike 0-1: Swinging Strike 0-2: Strikes out swinging
|
Batting: RHB Bill Holmes
|
0-0: Called Strike 0-1: Ball 1-1: Swinging Strike 1-2: Strikes out looking
|
Batting: RHB Adrian Cox
|
0-0: DOUBLE (Line Drive, 78D, EV 112.5 MPH)
|
Batting: RHB Jorge Lagunas
|
0-0: Foul Ball, location: 2F 0-1: Ball 1-1: Ground out U3 (Groundball, 34, EV 110.0 MPH)
|
Top of the 2nd over - 0 runs, 1 hit, 0 errors, 1 left on base; Eugene 0 - Milwaukee (NYP) 0 |
BOTTOM OF THE 2ND |
Milwaukee (NYP) Brewers batting - Pitching for Eugene Emeralds : RHP Luis Solis
|
Batting: SHB Craig Wright
|
0-0: Called Strike 0-1: Called Strike 0-2: Foul Ball, location: 2F 0-2: DOUBLE (Line Drive, 5D, EV 105.6 MPH)
|
Batting: RHB Victor Alarcon
|
0-0: Ball 1-0: Called Strike 1-1: Ball 2-1: Ball 3-1: Foul Ball, location: 2F 3-2: Fly out, F7 (Flyball, 7D, EV 101.9 MPH) Runner from 2nd tags up, SAFE at 3rd, no throw by LF
|
Batting: RHB Jose Cerritos
|
0-0: Ball Wild Pitch! Craig Wright scores 1-0: Ball 2-0: Ball 3-0: Called Strike 3-1: Base on Balls
|
Batting: LHB Sal Burgos
|
0-0: Foul Ball, location: 2F 0-1: Called Strike 0-2: Ball 1-2: Strikes out swinging Jose Cerritos steals 2nd base Batter strikes out.
|
Batting: RHB Dusty Bates
|
0-0: Called Strike 0-1: Ball Wild Pitch! Jose Cerritos to third 1-1: Ball 2-1: Foul Ball, location: 2F 2-2: Foul Ball, location: 2F 2-2: Foul Ball, location: 2F 2-2: Fly out, F8 (Flyball, 8RXD, EV 96.9 MPH)
|
Bottom of the 2nd over - 1 run, 1 hit, 0 errors, 1 left on base; Eugene 0 - Milwaukee (NYP) 1 |
TOP OF THE 3RD |
Eugene Emeralds batting - Pitching for Milwaukee (NYP) Brewers : RHP Josh Pelletier
|
Batting: RHB Gilberto Alvarado
|
0-0: Called Strike 0-1: Foul Ball, location: 2F 0-2: Ball 1-2: Ball 2-2: Ball 3-2: Base on Balls
|
Batting: RHB Dan Orozco
|
0-0: Fielders Choice at 2nd, 6-4 (Groundball, 6, EV 102.5 MPH)
|
Batting: RHB Du Kim
|
0-0: Called Strike 0-1: Ball 1-1: Foul Ball, location: 2F 1-2: Grounds into double play, 5-4-3 (Groundball, 25, EV 87.5 MPH)
|
Top of the 3rd over - 0 runs, 0 hits, 0 errors, 0 left on base; Eugene 0 - Milwaukee (NYP) 1 |
BOTTOM OF THE 3RD |
Milwaukee (NYP) Brewers batting - Pitching for Eugene Emeralds : RHP Luis Solis
|
Batting: LHB Umar Matoub
|
0-0: Ball 1-0: Ball 2-0: Ball 3-0: Base on Balls
|
Batting: SHB Sam Bingham
|
0-0: Ball 1-0: DOUBLE (Flyball, 78D, EV 93.8 MPH) Umar Matoub to third Runner from 3rd tries for Home, SAFE, throw by LF to home
|
Batting: SHB Jerry Duffy
|
0-0: Foul Ball, location: 2F 0-1: Ball 1-1: Ball 2-1: Ball 3-1: Ground out 4-3 (Groundball, 4, EV 91.2 MPH) Sam Bingham to third
|
Batting: RHB Jeremy Harden
|
0-0: Called Strike 0-1: Called Strike 0-2: Ball Balk! Sam Bingham scores 1-2: Strikes out swinging
|
Batting: SHB Craig Wright
|
0-0: Called Strike 0-1: Ball 1-1: Foul Ball, location: 2F 1-2: Ball 2-2: Strikes out swinging
|
Bottom of the 3rd over - 2 runs, 1 hit, 0 errors, 0 left on base; Eugene 0 - Milwaukee (NYP) 3 |
TOP OF THE 4TH |
Eugene Emeralds batting - Pitching for Milwaukee (NYP) Brewers : RHP Josh Pelletier
|
Batting: RHB Ricky Ramirez
|
0-0: Foul Ball, location: 2F 0-1: Ball 1-1: Ball 2-1: Ball 3-1: Foul Ball, location: 2F 3-2: Foul Ball, location: 2F 3-2: Strikes out swinging
|
Batting: LHB Emir Jalil
|
0-0: Ball 1-0: SINGLE (Line Drive, 4MD, EV 97.5 MPH)
|
Batting: RHB Mike Hill
|
0-0: SINGLE (Groundball, 56S, EV 69.4 MPH) (infield hit) Emir Jalil to second
|
Batting: RHB Bill Holmes
|
0-0: Called Strike 0-1: Ball 1-1: Swinging Strike 1-2: Strikes out looking
|
Batting: RHB Adrian Cox
|
0-0: Called Strike 0-1: Ball 1-1: Foul Ball, location: 2F 1-2: Strikes out swinging
|
Top of the 4th over - 0 runs, 2 hits, 0 errors, 2 left on base; Eugene 0 - Milwaukee (NYP) 3 |
BOTTOM OF THE 4TH |
Milwaukee (NYP) Brewers batting - Pitching for Eugene Emeralds : RHP Luis Solis
|
Batting: RHB Victor Alarcon
|
0-0: Swinging Strike 0-1: Swinging Strike 0-2: Ball 1-2: Foul Ball, location: 2F 1-2: Fly out, F6 (Flyball, 56D, EV 88.8 MPH)
|
Batting: RHB Jose Cerritos
|
0-0: Called Strike 0-1: Ground out 4-3 (Groundball, 4, EV 85.0 MPH)
|
Batting: LHB Sal Burgos
|
0-0: Called Strike 0-1: Ball 1-1: SOLO HOME RUN (Flyball, 9LD, EV 92.5 MPH), Distance : 344 ft
|
Batting: RHB Dusty Bates
|
0-0: Ball 1-0: Called Strike 1-1: Ball 2-1: Swinging Strike 2-2: Ball 3-2: Foul Ball, location: 2F 3-2: Strikes out swinging
|
Bottom of the 4th over - 1 run, 1 hit, 0 errors, 0 left on base; Eugene 0 - Milwaukee (NYP) 4 |
TOP OF THE 5TH |
Eugene Emeralds batting - Pitching for Milwaukee (NYP) Brewers : RHP Josh Pelletier
|
Batting: RHB Jorge Lagunas
|
0-0: Ground out 6-3 (Groundball, 6, EV 97.5 MPH)
|
Batting: RHB Gilberto Alvarado
|
0-0: Ball 1-0: SINGLE (Groundball, 6, EV 98.1 MPH)
|
Batting: RHB Dan Orozco
|
0-0: Called Strike 0-1: Ball 1-1: Called Strike 1-2: Strikes out swinging
|
Batting: RHB Du Kim
|
0-0: Called Strike 0-1: Ball 1-1: Ball Gilberto Alvarado steals 2nd base 2-1: Ball 3-1: DOUBLE (Popup, 6D, EV 66.2 MPH) Gilberto Alvarado scores
|
Batting: RHB Ricky Ramirez
|
0-0: Ball 1-0: Fly out, F9 (Flyball, 9D, EV 100.0 MPH)
|
Top of the 5th over - 1 run, 2 hits, 0 errors, 1 left on base; Eugene 1 - Milwaukee (NYP) 4 |
BOTTOM OF THE 5TH |
Milwaukee (NYP) Brewers batting - Pitching for Eugene Emeralds : RHP Luis Solis
|
Batting: LHB Umar Matoub
|
0-0: Called Strike 0-1: Ball 1-1: Foul Ball, location: 2F 1-2: Ground out 4-3 (Groundball, 4, EV 80.6 MPH)
|
Batting: SHB Sam Bingham
|
0-0: Ball 1-0: Ball 2-0: Called Strike 2-1: Ball 3-1: Base on Balls
|
Batting: SHB Jerry Duffy
|
0-0: Foul Ball, location: 2F 0-1: Fly out, F8 (Flyball, 8LD, EV 100.0 MPH)
|
Pitching: LHP Wilhelm Myers
|
|
Batting: RHB Jeremy Harden
|
0-0: SINGLE (Groundball, 6D, EV 105.0 MPH) Sam Bingham to second Runner from 2nd tries for 3rd, OUT! 8-5
|
Bottom of the 5th over - 0 runs, 1 hit, 0 errors, 1 left on base; Eugene 1 - Milwaukee (NYP) 4 |
TOP OF THE 6TH |
Eugene Emeralds batting - Pitching for Milwaukee (NYP) Brewers : RHP Josh Pelletier
|
Batting: LHB Emir Jalil
|
0-0: Fly out, F4 (Line Drive, 4, EV 62.5 MPH)
|
Batting: RHB Mike Hill
|
0-0: Ball 1-0: Ball 2-0: Called Strike 2-1: Ground out 2-3 (Groundball, 2R, EV 66.2 MPH)
|
Batting: RHB Bill Holmes
|
0-0: Ball 1-0: Called Strike 1-1: Fly out, F8 (Flyball, 89M, EV 93.1 MPH)
|
Top of the 6th over - 0 runs, 0 hits, 0 errors, 0 left on base; Eugene 1 - Milwaukee (NYP) 4 |
BOTTOM OF THE 6TH |
Milwaukee (NYP) Brewers batting - Pitching for Eugene Emeralds : LHP Wilhelm Myers
|
Batting: SHB Craig Wright
|
0-0: Called Strike 0-1: Ball 1-1: Swinging Strike 1-2: Ball 2-2: SINGLE (Groundball, 6MD, EV 101.2 MPH)
|
Batting: RHB Victor Alarcon
|
0-0: Ball 1-0: Foul Ball, location: 2F 1-1: Fielders Choice at 2nd, 1-6 (Groundball, 13S, EV 77.5 MPH)
|
Batting: RHB Jose Cerritos
|
0-0: SINGLE (Groundball, 56D, EV 93.8 MPH) Victor Alarcon to second
|
Batting: LHB Sal Burgos
|
0-0: Called Strike Victor Alarcon steals 3rd base Jose Cerritos to second 0-1: Ball 1-1: Swinging Strike 1-2: Foul Ball, location: 2F 1-2: Strikes out swinging
|
Batting: RHB Dusty Bates
|
0-0: Fly out, F7 (Flyball, 7, EV 88.1 MPH)
|
Bottom of the 6th over - 0 runs, 2 hits, 0 errors, 2 left on base; Eugene 1 - Milwaukee (NYP) 4 |
TOP OF THE 7TH |
Eugene Emeralds batting - Pitching for Milwaukee (NYP) Brewers : RHP Josh Pelletier
|
Batting: RHB Adrian Cox
|
0-0: Called Strike 0-1: Ball 1-1: Foul Ball, location: 2F 1-2: Strikes out looking
|
Batting: RHB Jorge Lagunas
|
0-0: SINGLE (Groundball, 56D, EV 108.1 MPH)
|
Batting: RHB Gilberto Alvarado
|
0-0: Swinging Strike 0-1: Ball 1-1: Called Strike 1-2: Strikes out swinging
|
Batting: RHB Dan Orozco
|
0-0: Called Strike 0-1: Ground out 5-3 (Groundball, 56S, EV 93.8 MPH)
|
Top of the 7th over - 0 runs, 1 hit, 0 errors, 1 left on base; Eugene 1 - Milwaukee (NYP) 4 |
BOTTOM OF THE 7TH |
Milwaukee (NYP) Brewers batting - Pitching for Eugene Emeralds : LHP Wilhelm Myers
|
Batting: LHB Umar Matoub
|
0-0: Ball 1-0: Ground out 4-3 (Groundball, 4S, EV 71.2 MPH)
|
Batting: SHB Sam Bingham
|
0-0: Ball 1-0: Foul Ball, location: 2F 1-1: Ball 2-1: Foul Ball, location: 2F 2-2: Ball 3-2: Foul Ball, location: 2F 3-2: Strikes out swinging
|
Batting: SHB Jerry Duffy
|
0-0: Ball 1-0: Ground out 6-3 (Groundball, 56, EV 85.6 MPH)
|
Bottom of the 7th over - 0 runs, 0 hits, 0 errors, 0 left on base; Eugene 1 - Milwaukee (NYP) 4 |
TOP OF THE 8TH |
Eugene Emeralds batting - Pitching for Milwaukee (NYP) Brewers : RHP Josh Pelletier
|
Batting: RHB Du Kim
|
0-0: Foul Ball, location: 2F 0-1: Ball 1-1: Ball 2-1: Ground out 6-3 (Groundball, 6, EV 85.6 MPH)
|
Batting: RHB Ricky Ramirez
|
0-0: Ball 1-0: Ball 2-0: Ball 3-0: Swinging Strike 3-1: Base on Balls
|
Batting: LHB Emir Jalil
|
0-0: Fielders Choice at 2nd, 3-6 (Groundball, 3, EV 97.5 MPH)
|
Pitching: LHP Juan Gonzalez
|
|
Batting: RHB Mike Hill
|
0-0: Called Strike 0-1: Ball 1-1: Ball 2-1: Ball 3-1: Foul Ball, location: 2F 3-2: Ground out 6-3 (Groundball, 6, EV 97.5 MPH)
|
Top of the 8th over - 0 runs, 0 hits, 0 errors, 1 left on base; Eugene 1 - Milwaukee (NYP) 4 |
BOTTOM OF THE 8TH |
Milwaukee (NYP) Brewers batting - Pitching for Eugene Emeralds : LHP Wilhelm Myers
|
Pitching: RHP Francisco Landin
|
|
Batting: RHB Jeremy Harden
|
0-0: Ground out 4-3 (Groundball, 4M, EV 100.6 MPH)
|
Batting: SHB Craig Wright
|
0-0: Foul Ball, location: 2F 0-1: Ball 1-1: Ball 2-1: Called Strike 2-2: Strikes out looking
|
Batting: RHB Victor Alarcon
|
0-0: Called Strike 0-1: Ground out 6-3 (Groundball, 6, EV 82.5 MPH)
|
Bottom of the 8th over - 0 runs, 0 hits, 0 errors, 0 left on base; Eugene 1 - Milwaukee (NYP) 4 |
TOP OF THE 9TH |
Eugene Emeralds batting - Pitching for Milwaukee (NYP) Brewers : LHP Juan Gonzalez
|
Pitching: RHP Eric Fragoso
|
|
Batting: RHB Bill Holmes
|
0-0: Hit by Pitch
|
Batting: RHB Adrian Cox
|
0-0: Called Strike 0-1: Ball 1-1: SINGLE (Groundball, 5D, EV 102.5 MPH) Bill Holmes to second
|
Batting: RHB Jorge Lagunas
|
0-0: Swinging Strike 0-1: SINGLE (Line Drive, 9S, EV 93.1 MPH) Bill Holmes to third Adrian Cox to second
|
Batting: RHB Gilberto Alvarado
|
0-0: Foul Ball, location: 2F 0-1: Foul Ball, location: 2F 0-2: Ball 1-2: Strikes out swinging
|
Pinch Hitting: RHB Dave de Wolff
|
0-0: Foul Ball, location: 2F 0-1: Swinging Strike 0-2: Ball 1-2: Foul Ball, location: 2F 1-2: Strikes out looking
|
Batting: RHB Du Kim
|
0-0: SINGLE (Line Drive, 8RS, EV 93.8 MPH) Bill Holmes scores Adrian Cox to third Jorge Lagunas to second
|
Batting: RHB Ricky Ramirez
|
0-0: Called Strike 0-1: Ball 1-1: SINGLE (Groundball, 6S, EV 94.4 MPH) Adrian Cox scores Jorge Lagunas to third Du Kim to second Runner from 3rd tries for Home, SAFE, throw by CF to home
|
Batting: LHB Emir Jalil
|
0-0: Ball 1-0: Foul Ball, location: 2F 1-1: Called Strike 1-2: Strikes out swinging
|
Top of the 9th over - 3 runs, 4 hits, 0 errors, 2 left on base; Eugene 4 - Milwaukee (NYP) 4 |
BOTTOM OF THE 9TH |
Milwaukee (NYP) Brewers batting - Pitching for Eugene Emeralds : RHP Francisco Landin
|
Now at SS: Dave de Wolff
|
|
Batting: RHB Jose Cerritos
|
0-0: Called Strike 0-1: Ball 1-1: SINGLE (Groundball, 4MD, EV 103.1 MPH) (infield hit)
|
Batting: LHB Sal Burgos
|
0-0: Ball 1-0: DOUBLE (Flyball, 8RXD, EV 101.2 MPH) Jose Cerritos to third
|
Batting: RHB Dusty Bates
|
0-0: Ball 1-0: Ball 2-0: Ball 3-0: Foul Ball, location: 2F 3-1: 3-RUN HOME RUN (Flyball, 78XD, EV 106.2 MPH), Distance : 421 ft
|
Bottom of the 9th over - 3 runs, 3 hits, 0 errors, 0 left on base; Eugene 4 - Milwaukee (NYP) 7 |
|